Login

Fletushkas vs Wuhan Clan

Created - April 28, 2024 at 12:28

Goals
1 2 3 T
Fletushkas 2 0 1 3
Wuhan Clan 3 1 1 5
Shots
1 2 3 T
Fletushkas 12 15 9 36
Wuhan Clan 11 11 8 30

GoalsPenalties
1st period
1. Wuhan Clan , Adam Lowry 22 (David Krejci 16, Dougie Hamilton 40) at 3:10 (PP)
2. Wuhan Clan , Kevin Labanc 4 (Jesperi Kotkaniemi 13, Michael Rasmussen 9) at 5:57
3. Wuhan Clan , Jason Dickinson 4 (Jack Quinn 8, Wyatt Johnston 9) at 6:32
4. Fletushkas , Valeri Nichushkin 33 (Brent Burns 21, Harry Polsmokr 48) at 7:38 (PP)
5. Fletushkas , Valeri Nichushkin 34 (Harry Polsmokr 49, Auston Matthews 40) at 8:45 (PP)
Braden Schneider (FLE) for Hooking (Minor) at 2:46
Mattias Samuelsson (FLE) for Tripping (Minor) at 3:48
Michael Rasmussen (WUH) for Hooking (Minor) at 7:00
Connor Clifton (WUH) for Hooking (Minor) at 8:08
David Krejci (WUH) for Hooking (Minor) at 9:47
Gabriel Carlsson (WUH) for Tripping (Minor) at 15:41
2nd period
6. Wuhan Clan , Tomas Tatar 16 (Adam Lowry 22) at 7:56 (PP)
Valeri Nichushkin (FLE) for Roughing (Minor) at 7:25
Mark Borowiecki (WUH) for Hooking (Minor) at 13:58
Gabriel Carlsson (WUH) for Interference (Minor) at 17:18
Connor Clifton (WUH) for Holding (Minor) at 17:23
3rd period
7. Fletushkas , Patrick Kane 15 (Auston Matthews 41, Mattias Samuelsson 8) at 0:20
8. Wuhan Clan , Jason Dickinson 5 (Tomas Tatar 22, Dougie Hamilton 41) at 19:48 (Empty Net)
Wyatt Johnston (WUH) for Slashing (Double Minor) at 2:04
Goalie Stats
John Gibson (FLE), 10 saves from 10 shots - (1.000), 31:07 minutes
Sergei Bobrovsky (FLE), 15 saves from 19 shots - (0.789), L, 23-25-7, 27:56 minutes
Jacob Markstrom (WUH), 33 saves from 36 shots - (0.917), W, 24-38-10, 60:00 minutes
3 StarsOfficial
1 - Jason Dickinson (WUH)
2 - Tomas Tatar (WUH)
3 - Adam Lowry (WUH)
Referees : Unknown
Linesman : Unknown
Game Note
John Gibson enters game at 7:56 of 2nd period
Jason Dickinson has scored in a empty net!
Finance
Level 1 -- Attendance: 4928 (75.82%) -- Ticket Income $492,800
Level 2 -- Attendance: 4037 (73.40%) -- Ticket Income $242,220
Level 3 -- Attendance: 1472 (58.88%) -- Ticket Income $51,520
Level 4 -- Attendance: 3111 (69.13%) -- Ticket Income $77,775
Luxury Box -- Attendance: 976 (65.07%) -- Ticket Income $195,200
Game was played at the Corona Place.
Total Attendance: 14524 (70.85%)
Total Ticket Income: $1,059,515
Other Income: $423,806
Total Income: $1,483,321



Team Name Goals Shots Shots Attemp Shots Blocked PIM HIT PP PK FO%
Fletushkas 33674106162 / 9 (22%)253%
Wuhan Clan 530581118322 / 3 (67%)247%

Fletushkas
Player Name POS G A P +/- PIM HIT SHT SB MP PP MP PP SHT PK MP PK SHT FO% FOT
Auston MatthewsC022-1011022:276:4801:47058% 26
Braden SchneiderD000-121016:280:0000:0000% 0
Brent BurnsD0110012120:538:1511:0100% 0
Brett PesceD000-1022218:295:0011:3000% 0
Brock NelsonC0000004021:066:2701:07059% 32
Harry PolsmokrC/RW0220035020:206:4810:000100% 1
Joel FarabeeLW/RW000000102:450:0000:0000% 0
Jordan StaalC000000002:450:0000:00050% 6
K'Andre MillerD0000012221:215:0012:3500% 0
Kevin ShattenkirkD000-1000111:590:0000:0000% 0
Mattias SamuelssonD011-1221220:370:0000:2300% 0
Nino NiederreiterLW/RW000-1002013:420:0000:000100% 1
Noel AcciariC/LW/RW000-2011014:540:2200:10047% 19
Owen TippettLW/RW0000022021:066:2711:0700% 4
Patrick KaneRW1010002019:386:0500:21067% 3
Tyler BertuzziLW/RW000-1004013:420:0000:0000% 0
Valeri NichushkinLW/RW202-1226024:406:4831:16033% 6
Zachary WerenskiD0000001120:118:1500:1900% 0
Wuhan Clan
Player Name POS G A P +/- PIM HIT SHT SB MP PP MP PP SHT PK MP PK SHT FO% FOT
Adam LowryC112-1054019:211:3515:49046% 28
Chu KockRW0000001015:091:1900:0000% 0
Connor CliftonD000-1430222:401:3005:3800% 0
David KrejciC/LW0110203018:131:3504:10050% 2
Dougie HamiltonD0221001224:171:2416:2700% 0
Elias PetterssonC0000003122:171:1917:08044% 36
Gabriel CarlssonD0001471017:310:0001:3300% 0
Jack QuinnRW0111001011:130:0000:0000% 2
Jacob LarssonD0001000113:070:0000:3900% 0
Jason DickinsonC/LW2022045013:410:0001:56060% 15
Jesperi KotkaniemiC/LW011100016:190:0000:00050% 2
Kevin LabancRW101101106:190:0000:0000% 0
Mark BorowieckiD0001263219:462:0016:0410% 0
Michael RasmussenC/LW011122006:180:0000:00055% 11
Tomas TatarLW/RW1120033114:041:3510:0000% 1
Travis DermottD0001010122:020:5405:3600% 0
Trevor ZegrasC/LW0000002021:141:1916:0500% 0
Wyatt JohnstonC0111402011:120:0000:0000% 1

Fletushkas

5 vs 5 Forward
Line #Left WingCenterRight WingPHYDFOFWanted %Time %Time Play
1Valeri NichushkinAuston MatthewsPatrick Kane1223131%13:12
2Owen TippettBrock NelsonHarry Polsmokr1223031%13:32
3Tyler BertuzziNoel AcciariNino Niederreiter1222632%13:42
4Joel FarabeeJordan StaalValeri Nichushkin122136%2:45
5 vs 5 Defense
Line #DefenseDefensePHYDFOFWanted %Time %Time Play
1Mattias SamuelssonK'Andre Miller1223130%13:06
2Kevin ShattenkirkBrett Pesce1222828%11:59
3Brent BurnsZachary Werenski1222627%11:37
4Braden SchneiderMattias Samuelsson1221515%6:29
Power Play Forward
Line #Left WingCenterRight WingPHYDFOFWanted %Time %Time Play
1Valeri NichushkinAuston MatthewsHarry Polsmokr1135551%6:48
2Owen TippettBrock NelsonPatrick Kane1134549%6:27
Power Play Defense
Line #DefenseDefensePHYDFOFWanted %Time %Time Play
1Brent BurnsZachary Werenski1135562%8:15
2K'Andre MillerBrett Pesce1134538%5:00
Penalty Kill 4 Players Forward
Line #CenterWingPHYDFOFWanted %Time %Time Play
1Auston MatthewsValeri Nichushkin1315561%1:47
2Brock NelsonOwen Tippett1314539%1:07
Penalty Kill 4 Players Defense
Line #DefenseDefensePHYDFOFWanted %Time %Time Play
1Mattias SamuelssonK'Andre Miller1315557%1:40
2K'Andre MillerBrett Pesce1314543%1:14
Penalty Kill 3 Players
Line #WingPHYDFOFWanted %Time %Time PlayDefenseDefensePHYDFOFWanted %Time %Time Play
1Auston Matthews131550%0:00 Mattias SamuelssonK'Andre Miller131550%0:00
2Brock Nelson131450%0:00 Mattias SamuelssonBrett Pesce131450%0:00
4 vs 4 Forward
Line #CenterWingPHYDFOFWanted %Time %Time Play
1Auston MatthewsValeri Nichushkin122550%0:00
2Brock NelsonOwen Tippett122450%0:00
4 vs 4 Defense
Line #DefensePHYDFOFWanted %Time %Time Play
1Mattias SamuelssonK'Andre Miller122550%0:00
2K'Andre MillerBrett Pesce122450%0:00
Last Minutes Offensive
Left WingCenterRight WingDefenseDefense
Valeri NichushkinAuston MatthewsHarry PolsmokrMattias SamuelssonK'Andre Miller
Last Minutes Defensive
Left WingCenterRight WingDefenseDefense
Valeri NichushkinAuston MatthewsHarry PolsmokrMattias SamuelssonK'Andre Miller
Time
Total ForwardTotal DefenseLast Minutes OffensiveLast Minutes Defensive
60:00 60:00 0:400:00
Extra Forwards
Normal PowerPlayPenalty Kill
Patrick Kane, Owen Tippett, Noel AcciariPatrick Kane, Owen TippettPatrick Kane
Extra Defensemen
Normal PowerPlayPenalty Kill
Brent Burns, Zachary Werenski, Braden SchneiderBrent Burns, Brent BurnsZachary Werenski
Penalty Shots
Auston Matthews, Valeri Nichushkin, Brett Pesce, K'Andre Miller, Patrick Kane
Goalie
Sergei Bobrovsky, John Gibson
Custom OT Lines Forwards
Auston Matthews, Valeri Nichushkin, Brock Nelson, Harry Polsmokr, Patrick Kane, Owen Tippett, Noel Acciari, Tyler Bertuzzi, Jordan Staal, Nino Niederreiter
Custom OT Lines Defensemen
Mattias Samuelsson, K'Andre Miller, Zachary Werenski, Brett Pesce, Brent Burns
Scratches
Cam York (Healthy), Adam Pelech (Suspend)

Wuhan Clan

5 vs 5 Forward
Line #Left WingCenterRight WingPHYDFOFWanted %Time %Time Play
1Trevor ZegrasElias PetterssonChu Kock1223032%13:50
2David KrejciAdam LowryTomas Tatar1222828%11:57
3Wyatt JohnstonJason DickinsonJack Quinn1222626%11:13
4Jesperi KotkaniemiMichael RasmussenKevin Labanc1221615%6:19
5 vs 5 Defense
Line #DefenseDefensePHYDFOFWanted %Time %Time Play
1Jacob LarssonConnor Clifton1223029%12:28
2Dougie HamiltonMark Borowiecki1222826%11:11
3Travis DermottGabriel Carlsson1222636%15:32
4Dougie HamiltonConnor Clifton1221610%4:08
Power Play Forward
Line #Left WingCenterRight WingPHYDFOFWanted %Time %Time Play
1Trevor ZegrasElias PetterssonChu Kock1225545%1:19
2David KrejciAdam LowryTomas Tatar1224555%1:35
Power Play Defense
Line #DefenseDefensePHYDFOFWanted %Time %Time Play
1Mark BorowieckiConnor Clifton1225552%1:30
2Dougie HamiltonMark Borowiecki1224548%1:24
Penalty Kill 4 Players Forward
Line #CenterWingPHYDFOFWanted %Time %Time Play
1Elias PetterssonTrevor Zegras1225557%6:25
2Adam LowryDavid Krejci1224543%4:56
Penalty Kill 4 Players Defense
Line #DefenseDefensePHYDFOFWanted %Time %Time Play
1Mark BorowieckiConnor Clifton1225555%6:16
2Dougie HamiltonMark Borowiecki1224545%5:05
Penalty Kill 3 Players
Line #WingPHYDFOFWanted %Time %Time PlayDefenseDefensePHYDFOFWanted %Time %Time Play
1Elias Pettersson1225554%1:01 Mark BorowieckiConnor Clifton12255100%1:54
2Adam Lowry1224546%0:53 Dougie HamiltonMark Borowiecki122450%0:00
4 vs 4 Forward
Line #CenterWingPHYDFOFWanted %Time %Time Play
1Elias PetterssonTrevor Zegras122550%0:00
2Adam LowryDavid Krejci122450%0:00
4 vs 4 Defense
Line #DefensePHYDFOFWanted %Time %Time Play
1Dougie HamiltonConnor Clifton122550%0:00
2Dougie HamiltonMark Borowiecki122450%0:00
Last Minutes Offensive
Left WingCenterRight WingDefenseDefense
Trevor ZegrasElias PetterssonChu KockJacob LarssonConnor Clifton
Last Minutes Defensive
Left WingCenterRight WingDefenseDefense
Trevor ZegrasElias PetterssonChu KockJacob LarssonConnor Clifton
Time
Total ForwardTotal DefenseLast Minutes OffensiveLast Minutes Defensive
60:00 60:00 0:000:32
Extra Forwards
Normal PowerPlayPenalty Kill
David Krejci, Tomas Tatar, Jason DickinsonDavid Krejci, Tomas TatarDavid Krejci
Extra Defensemen
Normal PowerPlayPenalty Kill
Mark Borowiecki, Connor Clifton, Dougie HamiltonMark Borowiecki, Mark BorowieckiConnor Clifton
Penalty Shots
Elias Pettersson, Trevor Zegras, Adam Lowry, Chu Kock, David Krejci
Goalie
Jacob Markstrom, James Reimer
Custom OT Lines Forwards
Elias Pettersson, Trevor Zegras, Adam Lowry, Chu Kock, David Krejci, Tomas Tatar, Jason Dickinson, Michael Rasmussen, Jesperi Kotkaniemi, Wyatt Johnston
Custom OT Lines Defensemen
Jacob Larsson, Connor Clifton, Dougie Hamilton, Mark Borowiecki, Travis Dermott
Scratches
Aaron Ekblad (Sports Hernia Injury), Blake Coleman (Healthy), Alexander Nylander (Healthy)


Play-by-Play

1st period


0:01 of 1st period - Elias Pettersson wins face-off versus Auston Matthews in neutral zone.
0:03 of 1st period - Off-side.
0:04 of 1st period - Adam Lowry wins face-off versus Owen Tippett in neutral zone.
0:29 of 1st period - Shot by Harry Polsmokr.
0:29 of 1st period - Shot Misses the Net.
1:22 of 1st period - Shot by Nino Niederreiter.
1:22 of 1st period - Stopped by Jacob Markstrom without a rebound.
1:23 of 1st period - Auston Matthews wins face-off versus Jason Dickinson in Wuhan Clan zone.
1:49 of 1st period - Icing by Jason Dickinson.
1:50 of 1st period - Jason Dickinson wins face-off versus Brock Nelson in Wuhan Clan zone.
2:03 of 1st period - Shot by Wyatt Johnston.
2:03 of 1st period - Shot Misses the Net.
2:07 of 1st period - Shot by Jason Dickinson.
2:07 of 1st period - Stopped by Sergei Bobrovsky with a rebound.
2:16 of 1st period - Icing by Zachary Werenski.
2:17 of 1st period - Brock Nelson wins face-off versus Elias Pettersson in Fletushkas zone.
2:24 of 1st period - Trevor Zegras is hit by Owen Tippett and loses puck.
2:45 of 1st period - Shot by Trevor Zegras.
2:45 of 1st period - Stopped by Sergei Bobrovsky without a rebound.
2:46 of 1st period - Michael Rasmussen wins face-off versus Jordan Staal in Fletushkas zone.
2:46 of 1st period - Minor Penalty to Braden Schneider for Hooking.
2:47 of 1st period - Adam Lowry wins face-off versus Auston Matthews in Fletushkas zone.
3:10 of 1st period - Shot by Adam Lowry.
3:10 of 1st period - Goal by Adam Lowry - Fletushkas : 0 - Wuhan Clan : 1.
3:11 of 1st period - Michael Rasmussen wins face-off versus Noel Acciari in neutral zone.
3:23 of 1st period - Icing by Braden Schneider.
3:24 of 1st period - Elias Pettersson wins face-off versus Noel Acciari in Fletushkas zone.
3:24 of 1st period - Dougie Hamilton is hit by Mattias Samuelsson and loses puck.
3:35 of 1st period - Shot by Trevor Zegras.
3:35 of 1st period - Shot Misses the Net.
3:48 of 1st period - Minor Penalty to Mattias Samuelsson for Tripping.
3:49 of 1st period - Brock Nelson wins face-off versus Adam Lowry in Fletushkas zone.
4:05 of 1st period - K'Andre Miller is hit by Tomas Tatar and loses puck.
4:14 of 1st period - Shot by Tomas Tatar.
4:14 of 1st period - Shot Blocked by K'Andre Miller.
4:22 of 1st period - Shot by Tomas Tatar.
4:22 of 1st period - Shot Blocked by K'Andre Miller.
4:42 of 1st period - Icing by Elias Pettersson.
4:43 of 1st period - Elias Pettersson wins face-off versus Brock Nelson in Wuhan Clan zone.
5:06 of 1st period - Shot by Trevor Zegras.
5:06 of 1st period - Deflect By Elias Pettersson.
5:06 of 1st period - Stopped by Sergei Bobrovsky with a rebound.
5:08 of 1st period - Shot by Dougie Hamilton.
5:08 of 1st period - Stopped by Sergei Bobrovsky with a rebound.
5:57 of 1st period - Shot by Kevin Labanc.
5:57 of 1st period - Goal by Kevin Labanc - Fletushkas : 0 - Wuhan Clan : 2.
5:58 of 1st period - Auston Matthews wins face-off versus Jason Dickinson in neutral zone.
6:32 of 1st period - Shot by Jason Dickinson.
6:32 of 1st period - Goal by Jason Dickinson - Fletushkas : 0 - Wuhan Clan : 3.
6:33 of 1st period - Elias Pettersson wins face-off versus Noel Acciari in neutral zone.
6:52 of 1st period - Shot by Tyler Bertuzzi.
6:52 of 1st period - Shot Misses the Net.
6:54 of 1st period - Shot by Mattias Samuelsson.
6:54 of 1st period - Stopped by Jacob Markstrom without a rebound.
6:55 of 1st period - Jesperi Kotkaniemi wins face-off versus Brock Nelson in Wuhan Clan zone.
6:57 of 1st period - Icing by Michael Rasmussen.
6:58 of 1st period - Michael Rasmussen wins face-off versus Patrick Kane in Wuhan Clan zone.
7:00 of 1st period - Minor Penalty to Michael Rasmussen for Hooking.
7:01 of 1st period - Valeri Nichushkin wins face-off versus Elias Pettersson in Wuhan Clan zone.
7:32 of 1st period - Shot by Brent Burns.
7:32 of 1st period - Shot Misses the Net.
7:34 of 1st period - Shot by Brent Burns.
7:34 of 1st period - Shot Misses the Net.
7:36 of 1st period - Shot by Brent Burns.
7:36 of 1st period - Shot Misses the Net.
7:38 of 1st period - Shot by Valeri Nichushkin.
7:38 of 1st period - Goal by Valeri Nichushkin - Fletushkas : 1 - Wuhan Clan : 3.
7:39 of 1st period - Adam Lowry wins face-off versus Noel Acciari in neutral zone.
7:44 of 1st period - Shot by David Krejci.
7:44 of 1st period - Stopped by Sergei Bobrovsky without a rebound.
7:45 of 1st period - Noel Acciari wins face-off versus Adam Lowry in Fletushkas zone.
7:45 of 1st period - Noel Acciari is hit by Tomas Tatar.
8:01 of 1st period - Shot by Tyler Bertuzzi.
8:01 of 1st period - Stopped by Jacob Markstrom without a rebound.
8:02 of 1st period - Auston Matthews wins face-off versus Elias Pettersson in Wuhan Clan zone.
8:08 of 1st period - Minor Penalty to Connor Clifton for Hooking.
8:09 of 1st period - Elias Pettersson wins face-off versus Auston Matthews in Wuhan Clan zone.
8:28 of 1st period - Harry Polsmokr is hit by Travis Dermott and loses puck.
8:39 of 1st period - Shot by Auston Matthews.
8:39 of 1st period - Shot Misses the Net.
8:41 of 1st period - Shot by Auston Matthews.
8:41 of 1st period - Shot Misses the Net.
8:43 of 1st period - Shot by Harry Polsmokr.
8:43 of 1st period - Stopped by Jacob Markstrom with a rebound.
8:45 of 1st period - Shot by Valeri Nichushkin.
8:45 of 1st period - Goal by Valeri Nichushkin - Fletushkas : 2 - Wuhan Clan : 3.
8:46 of 1st period - Noel Acciari wins face-off versus Elias Pettersson in neutral zone.
9:36 of 1st period - Off-side.
9:37 of 1st period - Michael Rasmussen wins face-off versus Auston Matthews in neutral zone.
9:42 of 1st period - Shot by Jesperi Kotkaniemi.
9:42 of 1st period - Shot Blocked by Brett Pesce.
9:44 of 1st period - Shot by Mark Borowiecki.
9:44 of 1st period - Stopped by Sergei Bobrovsky without a rebound.
9:45 of 1st period - Auston Matthews wins face-off versus Adam Lowry in Fletushkas zone.
9:47 of 1st period - Minor Penalty to David Krejci for Hooking.
9:48 of 1st period - Elias Pettersson wins face-off versus Brock Nelson in Wuhan Clan zone.
10:06 of 1st period - Off-side.
10:07 of 1st period - Auston Matthews wins face-off versus Elias Pettersson in neutral zone.
10:43 of 1st period - Shot by Harry Polsmokr.
10:43 of 1st period - Shot Blocked by Mark Borowiecki.
11:13 of 1st period - Shot by Adam Lowry.
11:13 of 1st period - Shot Misses the Net.
12:11 of 1st period - Shot by Nino Niederreiter.
12:11 of 1st period - Shot Misses the Net.
12:13 of 1st period - Shot by Noel Acciari.
12:13 of 1st period - Shot Blocked by Jesperi Kotkaniemi.
12:35 of 1st period - Noel Acciari is hit by Jason Dickinson and loses puck.
12:44 of 1st period - Noel Acciari is hit by Jason Dickinson and loses puck.
13:06 of 1st period - Icing by Braden Schneider.
13:07 of 1st period - Noel Acciari wins face-off versus Elias Pettersson in Fletushkas zone.
14:00 of 1st period - Shot by Valeri Nichushkin.
14:00 of 1st period - Deflect By Joel Farabee.
14:00 of 1st period - Shot Hit the Post.
14:10 of 1st period - Shot by Harry Polsmokr.
14:10 of 1st period - Stopped by Jacob Markstrom with a rebound.
14:18 of 1st period - Shot by Brock Nelson.
14:18 of 1st period - Stopped by Jacob Markstrom without a rebound.
14:19 of 1st period - Brock Nelson wins face-off versus Michael Rasmussen in Wuhan Clan zone.
14:24 of 1st period - Shot by Brock Nelson.
14:24 of 1st period - Shot Misses the Net.
14:26 of 1st period - Shot by Brock Nelson.
14:26 of 1st period - Stopped by Jacob Markstrom without a rebound.
14:27 of 1st period - Brock Nelson wins face-off versus Jack Quinn in Wuhan Clan zone.
14:36 of 1st period - Shot by Jason Dickinson.
14:36 of 1st period - Stopped by Sergei Bobrovsky with a rebound.
14:50 of 1st period - Shot by Wyatt Johnston.
14:50 of 1st period - Stopped by Sergei Bobrovsky without a rebound.
14:51 of 1st period - David Krejci wins face-off versus Auston Matthews in Fletushkas zone.
14:54 of 1st period - Shot by Tomas Tatar.
14:54 of 1st period - Shot Misses the Net.
15:09 of 1st period - Icing by Dougie Hamilton.
15:10 of 1st period - Adam Lowry wins face-off versus Brock Nelson in Wuhan Clan zone.
15:31 of 1st period - Shot by Brock Nelson.
15:31 of 1st period - Deflect By Harry Polsmokr.
15:31 of 1st period - Stopped by Jacob Markstrom without a rebound.
15:32 of 1st period - Elias Pettersson wins face-off versus Valeri Nichushkin in Wuhan Clan zone.
15:41 of 1st period - Minor Penalty to Gabriel Carlsson for Tripping.
15:42 of 1st period - Elias Pettersson wins face-off versus Auston Matthews in Wuhan Clan zone.
16:03 of 1st period - Shot by Auston Matthews.
16:03 of 1st period - Shot Misses the Net.
16:05 of 1st period - Shot by Valeri Nichushkin.
16:05 of 1st period - Stopped by Jacob Markstrom without a rebound.
16:06 of 1st period - Brock Nelson wins face-off versus Adam Lowry in Wuhan Clan zone.
16:30 of 1st period - Icing by Zachary Werenski.
16:31 of 1st period - Brock Nelson wins face-off versus Adam Lowry in Fletushkas zone.
16:31 of 1st period - Brock Nelson is hit by Adam Lowry.
16:39 of 1st period - Shot by Brent Burns.
16:39 of 1st period - Shot Misses the Net.
18:15 of 1st period - Icing by Mattias Samuelsson.
18:16 of 1st period - Noel Acciari wins face-off versus Michael Rasmussen in Fletushkas zone.
18:16 of 1st period - Noel Acciari is hit by Michael Rasmussen.
18:38 of 1st period - Shot by Jesperi Kotkaniemi.
18:38 of 1st period - Shot Misses the Net.
19:15 of 1st period - Shot by Auston Matthews.
19:15 of 1st period - Shot Misses the Net.
19:17 of 1st period - Shot by Brett Pesce.
19:17 of 1st period - Stopped by Jacob Markstrom with a rebound.
19:19 of 1st period - Shot by Auston Matthews.
19:19 of 1st period - Shot Blocked by Travis Dermott.
19:21 of 1st period - Shot by Valeri Nichushkin.
19:21 of 1st period - Shot Misses the Net.
Goals for this period are 2 for Fletushkas vs 3 for Wuhan Clan.
Shots for this period are 12 for Fletushkas vs 11 for Wuhan Clan.

2nd period


0:01 of 2nd period - Auston Matthews wins face-off versus Elias Pettersson in neutral zone.
0:14 of 2nd period - Shot by Auston Matthews.
0:14 of 2nd period - Stopped by Jacob Markstrom with a rebound.
0:20 of 2nd period - Shot by Patrick Kane.
0:20 of 2nd period - Stopped by Jacob Markstrom with a rebound.
0:22 of 2nd period - Shot by Valeri Nichushkin.
0:22 of 2nd period - Shot Misses the Net.
1:10 of 2nd period - Shot by Tomas Tatar.
1:10 of 2nd period - Stopped by Sergei Bobrovsky with a rebound.
1:12 of 2nd period - Shot by Adam Lowry.
1:12 of 2nd period - Shot Misses the Net.
1:14 of 2nd period - Shot by David Krejci.
1:14 of 2nd period - Shot Misses the Net.
1:16 of 2nd period - Shot by Adam Lowry.
1:16 of 2nd period - Stopped by Sergei Bobrovsky without a rebound.
1:17 of 2nd period - Jason Dickinson wins face-off versus Noel Acciari in Fletushkas zone.
1:36 of 2nd period - Shot by Nino Niederreiter.
1:36 of 2nd period - Deflect By Tyler Bertuzzi.
1:36 of 2nd period - Stopped by Jacob Markstrom without a rebound.
1:37 of 2nd period - Jordan Staal wins face-off versus Adam Lowry in Wuhan Clan zone.
1:43 of 2nd period - Icing by Tomas Tatar.
1:44 of 2nd period - Adam Lowry wins face-off versus Owen Tippett in Wuhan Clan zone.
1:44 of 2nd period - Adam Lowry is hit by Owen Tippett.
1:50 of 2nd period - Shot by Adam Lowry.
1:50 of 2nd period - Deflect By David Krejci.
1:50 of 2nd period - Shot Misses the Net.
1:56 of 2nd period - Shot by Tomas Tatar.
1:56 of 2nd period - Stopped by Sergei Bobrovsky without a rebound.
1:57 of 2nd period - Elias Pettersson wins face-off versus Auston Matthews in Fletushkas zone.
2:04 of 2nd period - Shot by Elias Pettersson.
2:04 of 2nd period - Stopped by Sergei Bobrovsky without a rebound.
2:05 of 2nd period - Auston Matthews wins face-off versus Adam Lowry in Fletushkas zone.
2:05 of 2nd period - Auston Matthews is hit by Adam Lowry.
2:15 of 2nd period - Shot by Patrick Kane.
2:15 of 2nd period - Shot Misses the Net.
2:17 of 2nd period - Shot by Valeri Nichushkin.
2:17 of 2nd period - Shot Misses the Net.
2:23 of 2nd period - Shot by Valeri Nichushkin.
2:23 of 2nd period - Shot Misses the Net.
2:25 of 2nd period - Shot by Mattias Samuelsson.
2:25 of 2nd period - Shot Blocked by Mark Borowiecki.
2:27 of 2nd period - Shot by K'Andre Miller.
2:27 of 2nd period - Stopped by Jacob Markstrom without a rebound.
2:28 of 2nd period - Brock Nelson wins face-off versus Elias Pettersson in Wuhan Clan zone.
2:28 of 2nd period - Brock Nelson is hit by Connor Clifton.
2:52 of 2nd period - Shot by Trevor Zegras.
2:52 of 2nd period - Shot Blocked by Zachary Werenski.
3:02 of 2nd period - Shot by Trevor Zegras.
3:02 of 2nd period - Shot Misses the Net.
4:40 of 2nd period - Off-side.
4:41 of 2nd period - Michael Rasmussen wins face-off versus Noel Acciari in neutral zone.
5:05 of 2nd period - Kevin Shattenkirk is hit by Connor Clifton and loses puck.
5:54 of 2nd period - Shot by Harry Polsmokr.
5:54 of 2nd period - Stopped by Jacob Markstrom without a rebound.
5:55 of 2nd period - Jason Dickinson wins face-off versus Jordan Staal in Wuhan Clan zone.
6:06 of 2nd period - Shot by Jason Dickinson.
6:06 of 2nd period - Shot Blocked by Braden Schneider.
6:08 of 2nd period - Shot by Travis Dermott.
6:08 of 2nd period - Shot Misses the Net.
6:10 of 2nd period - Shot by Gabriel Carlsson.
6:10 of 2nd period - Stopped by Sergei Bobrovsky without a rebound.
6:11 of 2nd period - Harry Polsmokr wins face-off versus Adam Lowry in Fletushkas zone.
6:11 of 2nd period - Harry Polsmokr is hit by Tomas Tatar.
6:29 of 2nd period - Owen Tippett is hit by Adam Lowry and loses puck.
6:33 of 2nd period - Icing by Brock Nelson.
6:34 of 2nd period - Brock Nelson wins face-off versus Jason Dickinson in Fletushkas zone.
7:25 of 2nd period - Minor Penalty to Valeri Nichushkin for Roughing.
7:26 of 2nd period - Auston Matthews wins face-off versus Elias Pettersson in Fletushkas zone.
7:48 of 2nd period - Shot by Trevor Zegras.
7:48 of 2nd period - Stopped by Sergei Bobrovsky with a rebound.
7:50 of 2nd period - Shot by Mark Borowiecki.
7:50 of 2nd period - Stopped by Sergei Bobrovsky without a rebound.
7:51 of 2nd period - Patrick Kane wins face-off versus Adam Lowry in Fletushkas zone.
7:51 of 2nd period - K'Andre Miller is hit by Adam Lowry and loses puck.
7:56 of 2nd period - Shot by Tomas Tatar.
7:56 of 2nd period - Goal by Tomas Tatar - Fletushkas : 2 - Wuhan Clan : 4.
7:56 of 2nd period - John Gibson enters game.
7:57 of 2nd period - Jordan Staal wins face-off versus Adam Lowry in neutral zone.
8:02 of 2nd period - Shot by Joel Farabee.
8:02 of 2nd period - Stopped by Jacob Markstrom with a rebound.
8:06 of 2nd period - Shot by Jordan Staal.
8:06 of 2nd period - Shot Blocked by Dougie Hamilton.
8:22 of 2nd period - Shot by Valeri Nichushkin.
8:22 of 2nd period - Stopped by Jacob Markstrom without a rebound.
8:23 of 2nd period - Brock Nelson wins face-off versus Elias Pettersson in Wuhan Clan zone.
8:23 of 2nd period - Harry Polsmokr is hit by Gabriel Carlsson and loses puck.
8:30 of 2nd period - Shot by Harry Polsmokr.
8:30 of 2nd period - Deflect By Brock Nelson.
8:30 of 2nd period - Stopped by Jacob Markstrom without a rebound.
8:31 of 2nd period - Brock Nelson wins face-off versus Elias Pettersson in Wuhan Clan zone.
8:31 of 2nd period - Harry Polsmokr is hit by Mark Borowiecki and loses puck.
8:37 of 2nd period - Trevor Zegras is hit by Harry Polsmokr and loses puck.
9:12 of 2nd period - Shot by Brock Nelson.
9:12 of 2nd period - Stopped by Jacob Markstrom without a rebound.
9:13 of 2nd period - Auston Matthews wins face-off versus Adam Lowry in Wuhan Clan zone.
9:26 of 2nd period - Shot by Adam Lowry.
9:26 of 2nd period - Stopped by John Gibson without a rebound.
9:27 of 2nd period - Jason Dickinson wins face-off versus Noel Acciari in Fletushkas zone.
9:36 of 2nd period - Shot by Travis Dermott.
9:36 of 2nd period - Shot Blocked by Brent Burns.
9:48 of 2nd period - Shot by Wyatt Johnston.
9:48 of 2nd period - Stopped by John Gibson without a rebound.
9:49 of 2nd period - Adam Lowry wins face-off versus Auston Matthews in Fletushkas zone.
9:49 of 2nd period - Adam Lowry is hit by K'Andre Miller.
10:16 of 2nd period - Off-side.
10:17 of 2nd period - Brock Nelson wins face-off versus Elias Pettersson in neutral zone.
10:21 of 2nd period - Harry Polsmokr is hit by Gabriel Carlsson and loses puck.
10:27 of 2nd period - Elias Pettersson is hit by Brett Pesce and loses puck.
10:34 of 2nd period - Shot by Trevor Zegras.
10:34 of 2nd period - Shot Blocked by Kevin Shattenkirk.
10:36 of 2nd period - Shot by Elias Pettersson.
10:36 of 2nd period - Shot Misses the Net.
11:31 of 2nd period - Icing by Brock Nelson.
11:32 of 2nd period - Adam Lowry wins face-off versus Brock Nelson in Fletushkas zone.
11:33 of 2nd period - Shot by David Krejci.
11:33 of 2nd period - Shot Misses the Net.
11:53 of 2nd period - Brett Pesce is hit by Adam Lowry and loses puck.
12:10 of 2nd period - Icing by Valeri Nichushkin.
12:11 of 2nd period - Auston Matthews wins face-off versus Wyatt Johnston in Fletushkas zone.
12:16 of 2nd period - Jack Quinn is hit by Valeri Nichushkin and loses puck.
12:41 of 2nd period - Shot by Patrick Kane.
12:41 of 2nd period - Shot Misses the Net.
12:43 of 2nd period - Shot by Valeri Nichushkin.
12:43 of 2nd period - Shot Misses the Net.
13:09 of 2nd period - Shot by Tyler Bertuzzi.
13:09 of 2nd period - Stopped by Jacob Markstrom without a rebound.
13:10 of 2nd period - Noel Acciari wins face-off versus Elias Pettersson in Wuhan Clan zone.
13:15 of 2nd period - Shot by Nino Niederreiter.
13:15 of 2nd period - Stopped by Jacob Markstrom with a rebound.
13:27 of 2nd period - Shot by Zachary Werenski.
13:27 of 2nd period - Shot Misses the Net.
13:44 of 2nd period - Elias Pettersson is hit by Brent Burns and loses puck.
13:58 of 2nd period - Minor Penalty to Mark Borowiecki for Hooking.
13:59 of 2nd period - Auston Matthews wins face-off versus Adam Lowry in Wuhan Clan zone.
14:00 of 2nd period - Shot by K'Andre Miller.
14:00 of 2nd period - Stopped by Jacob Markstrom without a rebound.
14:01 of 2nd period - Auston Matthews wins face-off versus David Krejci in Wuhan Clan zone.
14:16 of 2nd period - Dougie Hamilton is hit by Harry Polsmokr and loses puck.
14:57 of 2nd period - Shot by Zachary Werenski.
14:57 of 2nd period - Shot Blocked by Connor Clifton.
14:59 of 2nd period - Shot by Brent Burns.
14:59 of 2nd period - Stopped by Jacob Markstrom without a rebound.
15:00 of 2nd period - Brock Nelson wins face-off versus Elias Pettersson in Wuhan Clan zone.
15:11 of 2nd period - Shot by Patrick Kane.
15:11 of 2nd period - Shot Misses the Net.
15:13 of 2nd period - Shot by Owen Tippett.
15:13 of 2nd period - Stopped by Jacob Markstrom without a rebound.
15:14 of 2nd period - Adam Lowry wins face-off versus Brock Nelson in Wuhan Clan zone.
16:18 of 2nd period - Wyatt Johnston is hit by Braden Schneider and loses puck.
16:47 of 2nd period - Shot by David Krejci.
16:47 of 2nd period - Stopped by John Gibson without a rebound.
16:48 of 2nd period - Jordan Staal wins face-off versus Jesperi Kotkaniemi in Fletushkas zone.
16:48 of 2nd period - Joel Farabee is hit by Michael Rasmussen and loses puck.
17:04 of 2nd period - Valeri Nichushkin is hit by Gabriel Carlsson and loses puck.
17:18 of 2nd period - Minor Penalty to Gabriel Carlsson for Interference.
17:19 of 2nd period - Brock Nelson wins face-off versus Elias Pettersson in Wuhan Clan zone.
17:23 of 2nd period - Minor Penalty to Connor Clifton for Holding.
17:24 of 2nd period - Elias Pettersson wins face-off versus Brock Nelson in Wuhan Clan zone.
17:57 of 2nd period - Icing by Owen Tippett.
17:58 of 2nd period - Brock Nelson wins face-off versus Adam Lowry in Fletushkas zone.
18:37 of 2nd period - Shot by Harry Polsmokr.
18:37 of 2nd period - Shot Blocked by Dougie Hamilton.
18:49 of 2nd period - Shot by Brett Pesce.
18:49 of 2nd period - Stopped by Jacob Markstrom without a rebound.
18:50 of 2nd period - Adam Lowry wins face-off versus Auston Matthews in Wuhan Clan zone.
19:17 of 2nd period - Shot by Auston Matthews.
19:17 of 2nd period - Deflect By Harry Polsmokr.
19:17 of 2nd period - Shot Blocked by Jacob Larsson.
19:20 of 2nd period - Valeri Nichushkin is hit by Mark Borowiecki and loses puck.
Goals for this period are 0 for Fletushkas vs 1 for Wuhan Clan.
Shots for this period are 15 for Fletushkas vs 11 for Wuhan Clan.

3rd period


0:01 of 3rd period - Auston Matthews wins face-off versus Tomas Tatar in neutral zone.
0:20 of 3rd period - Shot by Patrick Kane.
0:20 of 3rd period - Goal by Patrick Kane - Fletushkas : 3 - Wuhan Clan : 4.
0:21 of 3rd period - Elias Pettersson wins face-off versus Brock Nelson in neutral zone.
0:21 of 3rd period - Elias Pettersson is hit by Harry Polsmokr.
0:39 of 3rd period - Shot by Harry Polsmokr.
0:39 of 3rd period - Shot Misses the Net.
0:42 of 3rd period - Icing by Elias Pettersson.
0:43 of 3rd period - Valeri Nichushkin wins face-off versus Elias Pettersson in Wuhan Clan zone.
1:57 of 3rd period - Shot by Adam Lowry.
1:57 of 3rd period - Stopped by John Gibson without a rebound.
1:58 of 3rd period - Jason Dickinson wins face-off versus Brock Nelson in Fletushkas zone.
1:59 of 3rd period - Shot by Jack Quinn.
1:59 of 3rd period - Stopped by John Gibson without a rebound.
2:00 of 3rd period - Brock Nelson wins face-off versus Jason Dickinson in Fletushkas zone.
2:02 of 3rd period - Owen Tippett is hit by Jason Dickinson and loses puck.
2:04 of 3rd period - Double Minor Penalty to Wyatt Johnston for Slashing.
2:05 of 3rd period - Elias Pettersson wins face-off versus Brock Nelson in Wuhan Clan zone.
2:21 of 3rd period - Icing by Brent Burns.
2:22 of 3rd period - Elias Pettersson wins face-off versus Owen Tippett in Fletushkas zone.
2:35 of 3rd period - Shot by Elias Pettersson.
2:35 of 3rd period - Shot Misses the Net.
2:37 of 3rd period - Shot by Mark Borowiecki.
2:37 of 3rd period - Stopped by John Gibson without a rebound.
2:38 of 3rd period - Adam Lowry wins face-off versus Valeri Nichushkin in Fletushkas zone.
2:58 of 3rd period - Valeri Nichushkin is hit by Mark Borowiecki and loses puck.
3:04 of 3rd period - Valeri Nichushkin is hit by Mark Borowiecki and loses puck.
3:40 of 3rd period - Off-side.
3:41 of 3rd period - Patrick Kane wins face-off versus Elias Pettersson in neutral zone.
4:53 of 3rd period - Icing by Brett Pesce.
4:54 of 3rd period - Jason Dickinson wins face-off versus Valeri Nichushkin in Fletushkas zone.
5:41 of 3rd period - Off-side.
5:42 of 3rd period - Brock Nelson wins face-off versus Elias Pettersson in neutral zone.
6:31 of 3rd period - Icing by Noel Acciari.
6:32 of 3rd period - Jason Dickinson wins face-off versus Noel Acciari in Fletushkas zone.
6:54 of 3rd period - Off-side.
6:55 of 3rd period - Adam Lowry wins face-off versus Auston Matthews in neutral zone.
7:16 of 3rd period - Off-side.
7:17 of 3rd period - Brock Nelson wins face-off versus Elias Pettersson in neutral zone.
8:10 of 3rd period - Chu Kock is hit by Auston Matthews and loses puck.
8:46 of 3rd period - Shot by Valeri Nichushkin.
8:46 of 3rd period - Stopped by Jacob Markstrom without a rebound.
8:47 of 3rd period - Noel Acciari wins face-off versus Jason Dickinson in Wuhan Clan zone.
9:06 of 3rd period - Shot by Wyatt Johnston.
9:06 of 3rd period - Shot Blocked by Brett Pesce.
9:08 of 3rd period - Shot by Jason Dickinson.
9:08 of 3rd period - Shot Misses the Net.
9:20 of 3rd period - Kevin Shattenkirk is hit by Jason Dickinson and loses puck.
9:56 of 3rd period - Shot by Harry Polsmokr.
9:56 of 3rd period - Stopped by Jacob Markstrom without a rebound.
9:57 of 3rd period - Michael Rasmussen wins face-off versus Auston Matthews in Wuhan Clan zone.
10:03 of 3rd period - Off-side.
10:04 of 3rd period - Auston Matthews wins face-off versus Michael Rasmussen in neutral zone.
10:14 of 3rd period - Off-side.
10:15 of 3rd period - Brock Nelson wins face-off versus Adam Lowry in neutral zone.
10:28 of 3rd period - Shot by Harry Polsmokr.
10:28 of 3rd period - Deflect By Brock Nelson.
10:28 of 3rd period - Shot Misses the Net.
11:22 of 3rd period - Elias Pettersson is hit by Mattias Samuelsson and loses puck.
11:36 of 3rd period - Shot by Trevor Zegras.
11:36 of 3rd period - Shot Misses the Net.
11:38 of 3rd period - Shot by Chu Kock.
11:38 of 3rd period - Stopped by John Gibson without a rebound.
11:39 of 3rd period - Jason Dickinson wins face-off versus Noel Acciari in Fletushkas zone.
11:39 of 3rd period - Jack Quinn is hit by Brett Pesce and loses puck.
11:46 of 3rd period - Wyatt Johnston is hit by Noel Acciari and loses puck.
12:17 of 3rd period - Shot by Noel Acciari.
12:17 of 3rd period - Stopped by Jacob Markstrom without a rebound.
12:18 of 3rd period - Adam Lowry wins face-off versus Valeri Nichushkin in Wuhan Clan zone.
12:18 of 3rd period - Adam Lowry is hit by Valeri Nichushkin.
12:47 of 3rd period - Valeri Nichushkin is hit by Connor Clifton and loses puck.
12:54 of 3rd period - Shot by Patrick Kane.
12:54 of 3rd period - Shot Blocked by Connor Clifton.
13:15 of 3rd period - Icing by Zachary Werenski.
13:16 of 3rd period - Brock Nelson wins face-off versus Elias Pettersson in Fletushkas zone.
13:21 of 3rd period - Shot by Harry Polsmokr.
13:21 of 3rd period - Shot Misses the Net.
13:39 of 3rd period - Shot by Elias Pettersson.
13:39 of 3rd period - Stopped by John Gibson without a rebound.
13:40 of 3rd period - Noel Acciari wins face-off versus Jack Quinn in Fletushkas zone.
13:48 of 3rd period - Noel Acciari is hit by Mark Borowiecki and loses puck.
13:53 of 3rd period - Shot by Tyler Bertuzzi.
13:53 of 3rd period - Shot Misses the Net.
14:14 of 3rd period - Tyler Bertuzzi is hit by Mark Borowiecki and loses puck.
14:25 of 3rd period - Icing by Brett Pesce.
14:26 of 3rd period - Elias Pettersson wins face-off versus Noel Acciari in Fletushkas zone.
14:50 of 3rd period - Shot by Chu Kock.
14:50 of 3rd period - Shot Blocked by Mattias Samuelsson.
14:59 of 3rd period - Auston Matthews is hit by Gabriel Carlsson and loses puck.
15:11 of 3rd period - Auston Matthews is hit by Gabriel Carlsson and loses puck.
15:27 of 3rd period - Icing by Travis Dermott.
15:28 of 3rd period - Elias Pettersson wins face-off versus Brock Nelson in Wuhan Clan zone.
15:38 of 3rd period - Harry Polsmokr is hit by Gabriel Carlsson and loses puck.
15:47 of 3rd period - Shot by Owen Tippett.
15:47 of 3rd period - Shot Misses the Net.
15:49 of 3rd period - Shot by Brent Burns.
15:49 of 3rd period - Stopped by Jacob Markstrom with a rebound.
15:51 of 3rd period - Shot by Zachary Werenski.
15:51 of 3rd period - Stopped by Jacob Markstrom without a rebound.
15:52 of 3rd period - Nino Niederreiter wins face-off versus Adam Lowry in Wuhan Clan zone.
15:53 of 3rd period - Shot by Noel Acciari.
15:53 of 3rd period - Shot Blocked by Tomas Tatar.
16:00 of 3rd period - Icing by Connor Clifton.
16:01 of 3rd period - Adam Lowry wins face-off versus Jordan Staal in Wuhan Clan zone.
16:36 of 3rd period - Shot by Adam Lowry.
16:36 of 3rd period - Shot Misses the Net.
16:38 of 3rd period - Shot by David Krejci.
16:38 of 3rd period - Stopped by John Gibson without a rebound.
16:39 of 3rd period - Jason Dickinson wins face-off versus Brock Nelson in Fletushkas zone.
16:58 of 3rd period - Shot by Wyatt Johnston.
16:58 of 3rd period - Deflect By Jason Dickinson.
16:58 of 3rd period - Stopped by John Gibson without a rebound.
16:59 of 3rd period - Noel Acciari wins face-off versus Michael Rasmussen in Fletushkas zone.
16:59 of 3rd period - Noel Acciari is hit by Kevin Labanc.
17:19 of 3rd period - Shot by Nino Niederreiter.
17:19 of 3rd period - Deflect By Tyler Bertuzzi.
17:19 of 3rd period - Stopped by Jacob Markstrom without a rebound.
17:20 of 3rd period - Auston Matthews wins face-off versus Jason Dickinson in Wuhan Clan zone.
17:39 of 3rd period - Shot by Jason Dickinson.
17:39 of 3rd period - Shot Misses the Net.
17:41 of 3rd period - Shot by Wyatt Johnston.
17:41 of 3rd period - Shot Misses the Net.
17:43 of 3rd period - Shot by Wyatt Johnston.
17:43 of 3rd period - Shot Blocked by Mattias Samuelsson.
17:52 of 3rd period - Patrick Kane is hit by Gabriel Carlsson and loses puck.
18:22 of 3rd period - Off-side.
18:23 of 3rd period - Elias Pettersson wins face-off versus Owen Tippett in neutral zone.
18:51 of 3rd period - Fletushkas, John Gibson is pulled from the net.
18:53 of 3rd period - Shot by Harry Polsmokr.
18:53 of 3rd period - Shot Blocked by Elias Pettersson.
19:02 of 3rd period - Shot by Owen Tippett.
19:02 of 3rd period - Stopped by Jacob Markstrom with a rebound.
19:36 of 3rd period - Shot by Valeri Nichushkin.
19:36 of 3rd period - Stopped by Jacob Markstrom with a rebound.
19:48 of 3rd period - Shot by Jason Dickinson.
19:48 of 3rd period - Goal by Jason Dickinson - Fletushkas : 3 - Wuhan Clan : 5.
19:48 of 3rd period - John Gibson from Fletushkas was sent back in the game.
19:49 of 3rd period - Noel Acciari wins face-off versus Michael Rasmussen in neutral zone.
Goals for this period are 1 for Fletushkas vs 1 for Wuhan Clan.
Shots for this period are 9 for Fletushkas vs 8 for Wuhan Clan.